 Dungeon Crawl Stone Soup version 0.16.1-2-g95b8d4c (webtiles) character file.

40 Chiseanne the Ducker (level 3, 0/17 HPs)
             Began as a Felid Chaos Knight on Mar 26, 2015.
             Hit by a goblin thrown by Robin (3 damage)
             ... on level 2 of the Dungeon.
             The game lasted 00:04:48 (2224 turns).

Chiseanne the Ducker (Felid Chaos Knight)           Turns: 2224, Time: 00:04:49

Health: 0/17       AC:  1    Str:  9    XL:     3   Next: 30%
Magic:  5/5        EV: 19    Int: 13    God:    Xom [....*.]
Gold:   58         SH:  0    Dex: 15    Spells: 0 memorised, 2 levels left
                                        Lives:  0   Deaths: 0

rFire  . . .     SeeInvis +       - Unarmed
rCold  . . .     Clarity  .     (armour unavailable)
rNeg   . . .     SustAb   .     (shield unavailable)
rPois  .         Gourm    .     (helmet unavailable)
rElec  .         Spirit   .     (cloak unavailable)
rCorr  .         Warding  .     (gloves unavailable)
rMut   .         Stasis   .     (boots unavailable)
MR     .....                    (no amulet)
Stlth  ++........               (no ring)
                                (no ring)

@: quick, not resistant to hostile enchantments, unstealthy
A: paw claws, no armour, no weapons or thrown items, fangs 3, see invisible,
carnivore 3, speed 1, shaggy fur 1, slow metabolism 1, sharp paws
a: Renounce Religion


You were on level 2 of the Dungeon.
You worshipped Xom.
You were a beloved toy of Xom.
You were completely stuffed.

You visited 1 branch of the dungeon, and saw 2 of its levels.

You collected 58 gold pieces.

Inventory:

Scrolls
 a - a scroll of identify
 b - 2 scrolls of blinking
Potions
 d - a potion of curing
Comestibles
 c - 2 meat rations


   Skills:
 * Level 3.6 Fighting
 * Level 4.6 Dodging
 - Level 3.0 Unarmed Combat


You had 2 spell levels left.
You didn't know any spells.

Dungeon Overview and Level Annotations

Branches:
Dungeon (2/15)

Altars:
Gozag

Annotations:
D:2 Robin


Innate Abilities, Weirdness & Mutations

You cannot wear armour.
You are incapable of wielding weapons or throwing items.
You have razor-sharp teeth.
You have supernaturally acute eyesight.
You are carnivorous and can eat meat at any time.
You cover ground quickly.
You are covered in fur (AC +1).
You have a slow metabolism.
Your paws have sharp claws that are effective at stabbing.


Message History

You see here a sling bullet.
Robin throws the goblin at you!
The goblin unwields an uncursed hunting sling.
The goblin misses you. The goblin hits you.
* * * LOW HITPOINT WARNING * * *
The goblin wields an uncursed hunting sling.
The goblin shoots a sling bullet.
The sling bullet misses you.
You see here a sling bullet.
The goblin shoots a sling bullet.
The sling bullet misses you.
The goblin shoots a sling bullet.
The sling bullet hits you.
* * * LOW HITPOINT WARNING * * *
You emit a cloud of colourful smoke!
You see here 2 sling bullets.
The goblin shoots a sling bullet.
The sling bullet misses you.
Robin roars a battlecry!
The goblin goes into a battle-frenzy!
You see here a sling bullet.
Robin throws the goblin at you!
You die...

####### #.....# #.....# #######
#.....# # #.....#
#...>.############...####.....#
#....gg§§§..(g@..............)#
#.....############...####.....#
#.....# ###### # #.....# ##.####
#....# #.....# #.# #....# #.....#
#(# #....# #...... #(#
####....#########...... ####g#
#......................
...#(######.##....#########..####


You could see Robin and a goblin (frenzied).

Vanquished Creatures
  4 hobgoblins
  3 jackals (D:2)
  3 bats (D:1)
  A giant cockroach (D:2)
  2 giant newts (D:1)
  14 goblins
  7 kobolds (D:1)
  3 rats (D:1)
37 creatures vanquished.

Vanquished Creatures (collateral kills)
  A goblin (D:1)
1 creature vanquished.

Grand Total: 38 creatures vanquished

Notes
Turn   | Place    | Note
--------------------------------------------------------------
     0 | D:1      | Chiseanne, the Felid Chaos Knight, began the quest for the Orb.
     0 | D:1      | Reached XP level 1. HP: 10/10 MP: 2/2
   554 | D:1      | XOM: harmless Erth miscast
   632 | D:1      | Reached XP level 2. HP: 14/14 MP: 3/3
   666 | D:1      | XOM: confuse monster(s)
   681 | D:1      | Reached skill level 4 in Dodging
   761 | D:1      | XOM: butterfly on damage
  1156 | D:1      | XOM: confuse monster(s)
  1379 | D:1      | XOM: harmless Necr miscast
  1620 | D:1      | XOM: harmless Tloc miscast
  1737 | D:2      | XOM: colour smoke trail
  1769 | D:2      | Reached XP level 3. HP: 12/17 MP: 5/5
  1904 | D:2      | Found an opulent altar of Gozag.
  1936 | D:2      | XOM is BORED!
  1936 | D:2      | XOM: noise
  2121 | D:2      | Noticed Robin
  2218 | D:2      | XOM: smoke on damage
  2224 | D:2      | Hit by a goblin thrown by Robin

Action                   || total
-------------------------++-------
Melee: Unarmed           ||   107
  Use: Scroll            ||     6
  Eat: Chunk             ||    10
